[Event "NJSK 2021 Meisjes A&B"]
[Site "Almelo, Netherlands"]
[Date "2021.08.01"]
[Round "1.1"]
[White "Ricken, Katharina"]
[Black "Zubair, Javeria Komal"]
[Result "1-0"]
[TimeControl "90min/40moves + 30sec/move"]
[WhiteElo "2030"]
[BlackElo "1490"]

1. Nf3 c5 2. b3 Nc6 3. Bb2 e6 4. c4 Nf6 5. g3 Be7 6. Bg2 O-O 7. O-O d5 8. cxd5 exd5 9. d4 cxd4 10.
Nxd4 Nxd4 11. Bxd4 Be6 12. Nc3 a6 13. Rc1 b5 14. Bxf6 Bxf6 15. Bxd5 Bh3 16. Bxa8 Qxa8 17. Nd5 Rd8 18. e4 Bxf1 19. Qxf1 h6 20. Qd1 Be5 21. Qc2 Qa7 22. Qc5 Qxc5 23. Rxc5 f6 24. Kf1 Re8 25. Rc6 Ra8 26. Ke2 a5 27. Kd3 a4 28. b4 Rb8 29. f4 Bb2 30. Rc8+ Rxc8 31.
Ne7+ Kf7 32. Nxc8 Ke6 33. Na7 f5 34. Nxb5 fxe4+ 35. Kxe4 Kd7
36. Kd5 Bc1 37. Nd4 Bd2 38. b5 g6 39. Nf3 1-0

[Event "NJSK 2021 Meisjes A&B"]
[Site "Almelo, Netherlands"]
[Date "2021.08.01"]
[Round "1.2"]
[White "Den Heijer, Rolinde"]
[Black "De Zoeten, Cato"]
[Result "1-0"]
[TimeControl "90min/40moves + 30sec/move"]
[WhiteElo "1483"]
[BlackElo "1881"]

1. e4 c5 2. Nf3 d6 3. d4 cxd4 4. Nxd4 Nf6 5. Nc3 a6 6. Bc4 e6 7. a4 Be7 8. O-O Qc7 9. Bb3 Bd7 10.
Be3 Nc6 11. Qe2 O-O 12. f4 Rab8
13. Kh1 Rfc8 14. Nf3 Na5 15. Bd4 Nxb3 16. cxb3 b5 17. Rac1 Qb7 18.
e5 Ne8 19. Ng5 h6 20. Nge4 bxa4 21. bxa4 d5 22. Ng3 Rc4 23.
Bg1 Qxb2 24. Rc2 Qb7 25. f5 exf5 26. Nxd5 Rxc2 27. Nxe7+ Kf8
28. Qxc2 Kxe7 29. Bc5+ Kd8 30. Nxf5 Bxf5 31. Qxf5 Rc8 32. Rd1+ Kc7
33. Rd7+ 1-0

[Event "NJSK 2021 Meisjes A&B"]
[Site "Almelo, Netherlands"]
[Date "2021.08.01"]
[Round "1.3"]
[White "Cordes, Jule"]
[Black "Venema, Katja"]
[Result "1-0"]
[TimeControl "90min/40moves + 30sec/move"]
[WhiteElo "1790"]
[BlackElo "1356"]

1. d4 d5 2. c4 c6 3. Nc3 Nf6 4. Nf3 Bf5 5. cxd5 cxd5 6. Qb3 Qd7 7. Ne5 Qc7 8. Nxd5 Nxd5 9. Qxd5 e6 10.
Qb5+ Nc6 11. Bd2 a6 12. Qc4 Qb6 13. Nxc6 Qxc6 14. Qxc6+ bxc6 15. Rc1 Kd7 16. f3 a5 17. e4 Bg6 18.
Be2 Bb4 19. Bc3 f6 20. O-O Rhc8 21. Rfd1 Bf7 22. Bc4 Ke7 23. Bb3 c5 24. d5 Ra6 25. a3 Bxc3 26. Rxc3 a4 27. dxe6 Bxe6 28.
Bxe6 Kxe6 29. Rd5 c4 30. Rb5 g6 31. Rb4 Ke5 32. Rcxc4 Rca8 33. Kf2 h5 34. Ke3 g5 35. Rb5+ Ke6 36.
Rbb4 Ke5 37. g3 R8a7 38. f4+ Ke6 39. Rb5 gxf4+ 40. Kxf4 Rh7 41. Rcc5 h4 42. g4 Rd6 43. Rc2 Rhd7 44.
Rh5 Rd2 45. Rhc5 R7d4 46. Rc6+ Rd6 47. Rxd2 Rxc6 48. g5 fxg5+ 49. Kxg5 Ke5 50. Re2 Re6 51. Kxh4 Kf4 52. Kh5 Kf3 53.
Re1 Kf2 54. Rc1 Rxe4 55. h4 Kg3 56. Rc3+ Kf4 57. Rc5 Kg3 58. Rc3+ Kf4 59. Kg6 Kg4 60. h5 Re6+ 61. Kf7 Ra6 62.
Rc5 Rh6 63. Rc4+ 1-0

[Event "NJSK 2021 Meisjes A&B"]
[Site "Almelo, Netherlands"]
[Date "2021.08.01"]
[Round "1.4"]
[White "Duson, Stella"]
[Black "Basa, Manasvita"]
[Result "0-1"]
[TimeControl "90min/40moves + 30sec/move"]
[WhiteElo "1259"]
[BlackElo "1711"]

1. e4 e5 2. Nf3 Nc6 3. Bc4 Bc5 4. c3 Nf6 5. d3 d6 6. Bb3 h6 7. h3 O-O 8. Nbd2 Be6 9. Bc2 d5 10.
Nf1 dxe4 11. dxe4 Qxd1+ 12. Bxd1 Nxe4 13. Be3 f5 14. Bc2 Be7 15. Bxe4 fxe4 16. N3d2 b5 17. Nxe4 b4 18. Bc5 bxc3 19.
bxc3 Rf4 20. Nfd2 Bd5 21. f3 Rb8 22. c4 Bxe4 23. Bxe7 Bxf3 24. Nxf3 Nxe7 25. O-O Rxc4 26. Nxe5 Rc2 27.
Rfc1 Rbb2 28. Rxc2 Rxc2 29. a4 Nd5 30. Rd1 Nc3 31. Rd8+ Kh7 32. a5 Re2 33. Nc4 Re4 34. Nd2 Ra4 35.
Rc8 Nb5 36. Nb3 Ra3 37. Nc5 Rxa5 38. Ne6 Ra1+ 39. Kf2 Rc1 40. h4 h5 41. Kf3 Rc6 42. Re8 a5 43. Ke4 Nd6+ 44. Kd5 Rc2 45.
Ra8 Nc4 46. Kd4 Kg6 47. Nxc7 Nb6 48. Rxa5 Rxc7 49. Ra6 Rc6 50. Ke5 Nd7+ 51. Kf4 Rxa6 52. g4 Ra4+ 53. Kf3 hxg4+ 54. Kg3 Kf5 55.
Kf2 Kf4 56. Ke2 g3 57. Kf1 Kf3 58. Kg1 Ra1# 0-1

[Event "NJSK 2021 Meisjes A&B"]
[Site "Almelo, Netherlands"]
[Date "2021.08.01"]
[Round "1.5"]
[White "Van Essen, Marieke"]
[Black "Maris, Evi"]
[Result "0-1"]
[TimeControl "90min/40moves + 30sec/move"]
[WhiteElo "1610"]
[BlackElo "1232"]

1. e4 e5 2. Nf3 Nc6 3. Bc4 Bc5 4. Nc3 Nf6 5. d3 h6 6. Be3 Bd4 7. Bxd4 exd4 8. Ne2 d5 9. exd5 Nxd5 10. h3 O-O 11. O-O Nf6 12. Bb5 Ne7 13. Nfxd4 a6 14.
Bc4 b5 15. Bb3 c5 16. Nf3 Bb7 17. Ng3 Qc7 18. a4 Rad8 19. axb5 axb5 20. Qe1 Bxf3 21. gxf3 Ng6 22. Qe3 c4 23.
dxc4 bxc4 24. Ra7 Qc8 25. Ba4 Qxh3 26. Bc6 Nh4 0-1

[Event "NJSK 2021 Meisjes A&B"]
[Site "Almelo, Netherlands"]
[Date "2021.08.01"]
[Round "1.6"]
[White "Bogouslavskii, Veronique"]
[Black "Honkoop, Stella"]
[Result "0-1"]
[TimeControl "90min/40moves + 30sec/move"]
[WhiteElo "1207"]
[BlackElo "1573"]

1. d4 Nf6 2. Bf4 g6 3. e3 Bg7 4. Nd2 d6 5. Bd3 O-O 6. Ngf3 Re8 7. h3 Nc6 8. e4 e5 9. dxe5 dxe5 10.
Bg5 a6 11. a4 Nb4 12. Nc4 Nxd3+ 13. cxd3 c6 14. a5 Qc7 15. Be3 Nd7 16. Nb6 Rb8 17. Nd2 Bf8 18. O-O Nc5 19. Nb3 Nxb3 20.
Qxb3 Be6 21. Qc3 Rbd8 22. Rfd1 Qe7 23. Ra4 Bg7 24. Bc5 Qg5 25. Kh2 Qf4+ 26. Kh1 Qh4 27. Qe1 Bb3 28. Raa1 Bxd1 29.
Rxd1 Bh6 30. Nc4 Bf8 31. Bb6 Rd7 32. Qc3 Qh5 33. Re1 c5 34. Ne3 Qh4 35. Qc2 Qf6 36. Nd5 Rxd5 37. exd5 Bd6 38.
Bxc5 Rc8 39. b4 Qf5 40. Rc1 Qf4 41. Qc4 e4 42. Kg1 Qh2+ 43. Kf1 Qh1+ 44. Ke2 exd3+ 45. Kd2 Qxg2 46. Qg4 Qxg4 47.
hxg4 Bf4+ 48. Be3 Rxc1 49. Kxc1 Bd6 50. Bc5 Bf4+ 51. Kd1 f5 52. d6 Kf7 53. d7 Bc7 54. gxf5 gxf5 55. Bd6 0-1

[Event "NJSK 2021 Meisjes A&B"]
[Site "Almelo, Netherlands"]
[Date "2021.08.01"]
[Round "1.7"]
[White "Martinez, Sara"]
[Black "Bertholee, Arjuna"]
[Result "1/2-1/2"]
[TimeControl "90min/40moves + 30sec/move"]
[WhiteElo "1528"]
[BlackElo "1144"]

1. e4 e5 2. Nf3 Nc6 3. d4 exd4 4. Nxd4 Nf6 5. Nc3 Bb4 6. Nxc6 bxc6 7. Bd2 O-O 8. Bd3 Re8 9. O-O Bxc3 10.
Bxc3 Nxe4 11. Bd4 d5 12.
f3 Nd6 13. Re1 Bf5 14. Rxe8+ Qxe8 15. Qd2 Bxd3 16. Qxd3 Qe6 17. Qd2 Nb5 18. Re1
Qd7 19. Be5 f6 20. Bg3 Re8 21. c4 Rxe1+ 22. Bxe1 Nd6 23. cxd5 Nc4 24. Qb4 cxd5
25. Qb8+ Kf7 26. b3 Qe7 27. Bf2 Qe5 28. g3 Ne3 29. Bxe3 Qxe3+ 30. Kg2 Qe2+ 31.
Kg1 Qxa2 32. Qxc7+ Kg6 33. Qc3 Qb1+ 34. Kf2 Qh1 35. Qd3+ Kh6 36. Qe3+ g5 37.
Qe6 Qxh2+ 38. Kf1 Qb2 39. Qxd5 Qa1+ 40. Kf2 a5 41. Qf7 Qd4+ 42. Kg2 Qd8 43. Kf2
Qd2+ 44. Kf1 Qd3+ 45. Kf2 Qg6 46. Qf8+ 1/2-1/2

[Event "NJSK 2021 Meisjes A&B"]
[Site "Almelo, Netherlands"]
[Date "2021.08.02"]
[Round "2.1"]
[White "Honkoop, Stella"]
[Black "Ricken, Katharina"]
[Result "0-1"]
[TimeControl "90min/40moves + 30sec/move"]
[WhiteElo "1573"]
[BlackElo "2030"]

1. d4 e6 2. Nf3 Nf6 3. Bf4 c5 4. e3 d5 5. c3 Bd6 6. Bg3 Nc6 7. Nbd2 O-O 8. Ne5 Ne7 9. Bd3 b6 10. h4 Bb7 11. h5 Ne4 12.
Qc2 f6 13. Bxe4 dxe4 14. Ng4 Bxg3 15. fxg3 Qc7 16. Rh3 cxd4 17. exd4 f5 18. Ne5 Ba6 19.
Qb3 Qd6 20. Ndc4 Bxc4 21. Nxc4 Qd5 22. Ne3 Qd7 23. O-O-O Nd5 24. Nxd5 exd5 25.
Rh4 Rad8 26. Rf4 Qe7 27. h6 g6 28. Re1 Qg5 29. Re3 Qxh6 30. Kd2 g5 31. Rf1 Qh2 32.
Rf2 Kh8 33. Qa3 Rf7 34. Qb3 Rdd7 35. Qb5 Rd8 36. Qb3 Kg7 37. Qa3
f4 38. gxf4 gxf4 39. Rh3 e3+ 40. Ke1 Qg1+ 41. Rf1 Qxg2 42. Rxe3 fxe3 43. Rxf7+
Kxf7 44. Qxa7+ Kg8 0-1

[Event "NJSK 2021 Meisjes A&B"]
[Site "Almelo, Netherlands"]
[Date "2021.08.02"]
[Round "2.2"]
[White "Maris, Evi"]
[Black "Cordes, Jule"]
[Result "1-0"]
[TimeControl "90min/40moves + 30sec/move"]
[WhiteElo "1232"]
[BlackElo "1790"]

1. e4 c5 2. Nf3 g6 3. d4 cxd4 4. Qxd4 Nf6 5. e5 Nc6 6. Qc4 d5 7. exd6 Qxd6 8. Nc3 a6 9. Bf4 e5 10.
Rd1 Qe7 11. Bg5 Be6 12. Qh4 Bg7 13. Bc4 h6 14. Bxf6 Bxf6 15. Qe4 Bf5 16. Qe2 Nb4 17. Bb3 O-O 18. O-O Rad8 19. a3 e4 20. axb4 exf3 21. Qxf3 Rxd1 22. Rxd1 Re8 23.
h3 Qxb4 24. g4 Bxc2 25. Bxc2 Qxb2 26. Qxf6 Qxc2 27. Rd7 Qb3 28. Nd5 Rf8 29. Ne7+ Kh7 30. Kg2 Qc4 31. Rd4 Qc2 32. g5 h5 33.
Rh4 Qd3 34. Rxh5+ gxh5 35. Qh6# 1-0

[Event "NJSK 2021 Meisjes A&B"]
[Site "Almelo, Netherlands"]
[Date "2021.08.02"]
[Round "2.3"]
[White "Basa, Manasvita"]
[Black "Den Heijer, Rolinde"]
[Result "0-1"]
[TimeControl "90min/40moves + 30sec/move"]
[WhiteElo "1711"]
[BlackElo "1483"]

1. e4 c5 2. Nf3 d6 3. d4 cxd4 4. Nxd4 Nf6 5. Nc3 g6 6. Bc4 Bg7 7. h3 Nc6 8. Be3 Bd7 9. O-O O-O 10.
f4 Na5 11. Bd3 Rc8 12. Qe2 Be6 13. Nxe6 fxe6 14. Nb5 Nh5 15. Rf3 Bxb2 16. Rb1 Bh8 17. Nxa7 Ra8 18. g4 Nxf4 19. Bxf4 Rxa7 20.
Be3 Ra8 21. Bb6 Qd7 22. Rxf8+ Kxf8 23. Qf3+ Kg8 24. Rf1 Bg7 25. a4 Rf8 26. Bb5 Nc6 27. Qd3 Rxf1+ 28. Qxf1 d5 29. Qd3 Qd6 30.
Bf2 Ne5 31. Qe2 Nf7 32. Kg2 Be5 33. Bh4 g5 34. Bf2 Bf4 35. Be3 Bxe3 36. Qxe3 d4 37. Qd2 Qe5 38. Bd3 Nd6 39. Qe2 h6 40.
Qe1 Kg7 41. Qg3 Qa5 42. e5 Qd5+ 43. Kf2 Nf7 44. Qg2 Qxg2+ 45. Kxg2 Nxe5 46. Be4 b6 47. Kf2 Nd7 48. Kg3 Nc5 49.
Bc6 Kf6 50. h4 e5 51. hxg5+ hxg5 52. Kf3 Ke6 53. Be8 Kd5 54. Bf7+ e6 55. Be8 e4+ 56. Ke2 Kc4 57. Kd2 e3+ 58.
Kd1 Kc3 59. Bb5 e5 60. Kc1 e4 61. Kd1 d3 62. cxd3 exd3 63. Bc6 e2+ 64. Ke1 Kc2 0-1

[Event "NJSK 2021 Meisjes A&B"]
[Site "Almelo, Netherlands"]
[Date "2021.08.02"]
[Round "2.4"]
[White "De Zoeten, Cato"]
[Black "Martinez, Sara"]
[Result "1-0"]
[TimeControl "90min/40moves + 30sec/move"]
[WhiteElo "1881"]
[BlackElo "1528"]

1. e4 e6 2. d4 d5 3. Nd2 c5 4. exd5 exd5 5. Ngf3 Nf6 6. Bb5+ Bd7 7. Bxd7+ Nbxd7 8. O-O Be7 9. dxc5 Nxc5 10.
Nb3 O-O 11. Nbd4 Nce4 12. c3 Qc7 13. Nf5 Bd6 14. Nxd6 Qxd6 15. Be3 Ng4 16. Re1 Rfe8 17. Qd4 f5 18. h3 Nxe3 19. Rxe3 b6 20.
Rd1 Rad8 21. c4 Nf6 22. Rxe8+ Rxe8 23. cxd5 Rd8 24. Qc4 Kf8 25. Nd4 Nxd5 26. Nxf5 Qd7 27. Ne3 Nxe3 28. Qf4+ Qf5 29.
Rxd8+ Ke7 30. Qc7+ Kf6 31. Rf8+ 1-0

[Event "NJSK 2021 Meisjes A&B"]
[Site "Almelo, Netherlands"]
[Date "2021.08.02"]
[Round "2.5"]
[White "Bertholee, Arjuna"]
[Black "Van Essen, Marieke"]
[Result "1/2-1/2"]
[TimeControl "90min/40moves + 30sec/move"]
[WhiteElo "1144"]
[BlackElo "1610"]

1. e4 e5 2. Nf3 Nc6 3. Nc3 Nf6 4. Bb5 d6 5. d4 exd4 6. Nxd4 Bd7 7. Nxc6 Bxc6 8. Bxc6+ bxc6 9. O-O Be7 10.
b3 O-O 11. Ba3 d5 12. Bxe7 Qxe7 13. exd5 Rad8 14. Qe1 Qc5 15. Ne4 Nxe4 16. Qxe4 Rfe8 17. Qc4 Qxd5 18. Qxd5 cxd5 19. Rfe1 Re6 20.
Kf1 Kf8 21. Rad1 c5 22. Re2 Ke7 23. Red2 Re5 24. f4 Rf5 25. g3 h5 26. a3 Ke6 27. Ke2 a5 28. Ke3 Re8 29. h3 Kd6+ 30.
Kf3 g5 31. c4 d4 32. b4 Re3+ 33. Kg2 axb4 34. axb4 gxf4 35. bxc5+ Kxc5 36. Rxd4 fxg3 37. Rd5+ Rxd5 38. Rxd5+ Kxc4 39.
Rxh5 Kd4 40. Rf5 Re5 41. Rxf7 Rg5 42. Rf3 Ke5 43. Rxg3 Rxg3+ 44. Kxg3 Kf5 45. Kh4 Kg6 46. Kg4 Kh6 1/2-1/2

[Event "NJSK 2021 Meisjes A&B"]
[Site "Almelo, Netherlands"]
[Date "2021.08.02"]
[Round "2.6"]
[White "Zubair, Javeria Komal"]
[Black "Duson, Stella"]
[Result "1-0"]
[TimeControl "90min/40moves + 30sec/move"]
[WhiteElo "1490"]
[BlackElo "1259"]

1. Nf3 d5 2. c4 c6 3. e3 Nf6 4. Be2 Bf5 5. Nc3 e6 6. a3 Nbd7 7. d4 b6 8. b4 Be7 9. O-O O-O 10.
c5 Qb8 11. Nh4 Bg6 12. f4 Be4 13. Nf3 h6 14. Ne5 Qb7 15. b5 cxb5 16. c6 Qc8 17. Nxe4 Nxe5 18. Nxf6+ Bxf6 19. fxe5 Bg5 20.
Bxb5 a6 21. Bd3 Qxc6 22. Bd2 Be7 23. Qe2 b5 24. e4 Ra7 25. exd5 Qxd5 26. Be4 Qc4 27. Qxc4 bxc4 28. Rfc1 Rc7 29.
Ba5 Rd7 30. Rxc4 Bd8 31. Bb4 Be7 32. Bxe7 Rxe7 33. Ra4 Ra7 34. Bd3 a5 35. Rc1 f6 36. exf6 gxf6 37. Rc6 e5 38. dxe5 fxe5 39.
Rg4+ Rg7 40. Bc4+ Kh8 41. Rxh6+ Rh7 42. Rhg6 Rc7 43. a4 Rb7 44. Bb5 Rc7 45. Rh4+ Rh7 46. Rxh7+ Kxh7 47. Re6 Rd8 48.
Rxe5 Kg6 49. h4 Kf6 50. Rc5 Ke6 51. Kh2 Kd6 52. Rg5 Ke6 53. Kh3 Rh8 54. g4 Kf6 55. Rf5+ Kg6 56. h5+ Kg7 57.
Kh4 Rf8 58. h6+ Kg8 59. Bc4+ Rf7 60. Bxf7+ Kh7 61. Kh5 Kh8 62. Re5 Kh7 63. Bg6+ Kh8 64. Re8# 1-0

[Event "NJSK 2021 Meisjes A&B"]
[Site "Almelo, Netherlands"]
[Date "2021.08.02"]
[Round "2.7"]
[White "Venema, Katja"]
[Black "Bogouslavskii, Veronique"]
[Result "1-0"]
[TimeControl "90min/40moves + 30sec/move"]
[WhiteElo "1356"]
[BlackElo "1207"]

1. d4 f5 2. Nf3 Nf6 3. c4 g6 4. g3 Bg7 5. Bg2 d6 6. O-O O-O 7. Nc3 Qe8 8. Bf4 Na6 9. Rb1 Qf7 10.
b3 Bd7 11. Ng5 Qe8 12. Bxb7 h6 13. Nf3 g5 14. Bd2 e5 15. dxe5 dxe5 16. Bxa6 e4 17. Nd4 Ng4 18. Nc2 Qh5 19.
h4 gxh4 20. Bf4 hxg3 21. Bxg3 f4 22. Qd5+ Qxd5 23. Nxd5 fxg3 24. fxg3 Be5 25. Bb7 Rae8 26. Kg2 c6 27. Rxf8+ Kxf8 28.
Rf1+ Kg7 29. Nde3 Nxe3+ 30. Nxe3 Rb8 31. Nf5+ Kh7 32. Nd6 Kg6 33. Nf7 Bf6 34. Nd6 Be5 35. Nf7 Bc3 36. Ba6 Be6 37.
Nd6 Be5 38. c5 Rg8 39. Bc4 Bxc4 40. Nxc4 Bd4 41. b4 Bc3 42. a3 h5 43. Rd1 Kf5 44. Rf1+ Ke6 45. Nd6 Be5 46. Nxe4 Bb2 47.
Rf3 Rg4 48. Nd6 Rg7 49. Kf2 Bd4+ 50. e3 Bb2 51. Nc4 Bf6 52. e4 Bd4+ 53. Ke2 Rg4 54. Kd3 Bg1 55. Na5 Bh2 56. Nxc6 Rxg3 57.
Rxg3 Bxg3 58. Nd4+ Kd7 59. Ne2 Be5 60. Ng1 h4 61. Kc4 Kc6 62. b5+ Kc7 63. Kd5 Bf4 64. e5 Be3 65. Nh3 Kd7 66.
c6+ Kd8 67. Kd6 Bb6 68. e6 Bc7+ 69. Kd5 Ke7 70. a4 Kf6 71. Nf2 Ke7 72. Nh3 Kf6 73. Ng5 Ke7 74. Ke4 Bd6 75. Kf3 h3 76.
Nxh3 Kxe6 77. Ke4 Bc5 78. Ng5+ Kd6 79.
Nf7+ Kc7 80. Kd5 Be7 81. Ne5 Bb4 82. Nc4 Be1 83. Nd6 Bb4 84. Ne8+ Kc8 85. c7 Kd7 86. Kc4 Ba5 87. Kc5 Bb6+ 88.
Kb4 Kc8 89. a5 Be3 90. Kc4 Bf2 91. Kd5 Kd7 92. Kc4 Kc8 93. b6 Bxb6 94. axb6 axb6 95. Kb4 Kd7 96. Kb5 Kc8 97. Kxb6 1-0

[Event "NJSK 2021 Meisjes A&B"]
[Site "Almelo, Netherlands"]
[Date "2021.08.03"]
[Round "3.1"]
[White "Ricken, Katharina"]
[Black "Maris, Evi"]
[Result "1-0"]
[TimeControl "90min/40moves + 30sec/move"]
[WhiteElo "2030"]
[BlackElo "1232"]

1. Nf3 d5 2. g3 c5 3. Bg2 Nc6 4. d4 Nf6 5. O-O Bg4 6. dxc5 e5 7. c4 d4 8. b4 e4 9. b5 exf3 10.
exf3 Bd7 11. bxc6 Bxc6 12. Re1+ Be7 13.
Bb2 O-O 14. Qxd4 Qc7 15. Nc3 b6 16. cxb6 axb6 17. Ne4 Rad8 18. Qc3 Rfe8 19. Qc2 Bxe4 20. fxe4 b5 21. Rec1 bxc4 22. Qxc4 Rd1+ 23.
Bf1 Rxc1 24. Rxc1 Qb7 25. Bxf6 Bxf6 26. Qd5 Qb2 27. Rc7 Rf8 28. Bc4 Qb8 29. Rxf7 Rxf7 30. Qxf7+ Kh8 31. Kg2 Bd4 32.
a4 h6 33. h4 Kh7 34. h5 Qa8 35. Bd5 Qb8 36. a5 Bc5 37. e5 Qf8 38. Qxf8 Bxf8 39. a6 Bc5 40. e6 g5 41. e7 Bxe7 42.
a7 g4 43. a8=Q Bf8 44. Qe8 Kg7 45. Qf7+ Kh8 46. Qg8# 1-0

[Event "NJSK 2021 Meisjes A&B"]
[Site "Almelo, Netherlands"]
[Date "2021.08.03"]
[Round "3.2"]
[White "Den Heijer, Rolinde"]
[Black "Honkoop, Stella"]
[Result "1-0"]
[TimeControl "90min/40moves + 30sec/move"]
[WhiteElo "1483"]
[BlackElo "1573"]

1. e4 c5 2. Nf3 Nc6 3. d4 cxd4 4. Nxd4 Nf6 5. Nc3 e5 6. Ndb5 d6 7. Bg5 a6 8. Na3 b5 9. Nd5 Be7 10.
Bxf6 Bxf6 11. c3 O-O 12. Nc2 Bg5 13. Nce3 Be6 14. Bd3 Rc8 15. O-O Ne7 16. Qh5 Ng6 17. g3 Rc6 18. f4 exf4 19.
gxf4 Bh6 20. f5 Bxd5 21. Nxd5 Ne5 22. f6 Ng6 23. Rf3 Rc5 24. Raf1 Qd7 25. b4 Rc7 26. Rg3 Kh8 27. Rh3 Rg8 28.
Kh1 Ne5 29. Rg1 Ng6 30. Nxc7 Qxc7 31. fxg7+ Rxg7 32. Qxh6 Qxc3 33. Qe3 Qc8 34. Rhg3 Qe6 35. h4 Rg8 36. h5 Ne7 37. Rxg8+ Nxg8 38.
Qg3 1-0

[Event "NJSK 2021 Meisjes A&B"]
[Site "Almelo, Netherlands"]
[Date "2021.08.03"]
[Round "3.3"]
[White "Zubair, Javeria Komal"]
[Black "De Zoeten, Cato"]
[Result "0-1"]
[TimeControl "90min/40moves + 30sec/move"]
[WhiteElo "1490"]
[BlackElo "1881"]

1. Nf3 Nf6 2. d4 g6 3. Nc3 d5 4. Bf4 Bg7 5. e3 c5 6. Bb5+ Bd7 7. O-O O-O 8. Re1 Bxb5 9. Nxb5 Nc6 10.
Nc3 Rc8 11. Rc1 Ne4 12. Nxe4 dxe4 13. Ne5 cxd4 14. Nxc6 Rxc6 15. exd4 Bxd4 16. c3 Bf6 17. Rxe4 Qa5 18. a3 Rd8 19.
Qe2 Qd5 20. Re1 Rd7 21. h3 Rb6 22. Be5 Qd2 23. Bxf6 exf6 24. Qf3 Rd3 25. Qg4 f5 26. Re8+ Kg7 27. Qc4 Rxb2 28. R8e2 Rb1 29. Rxb1 Qxe2 30. Qc5 b6 31.
Qb4 Qc2 32. c4 Rd4 33. Qe1 Re4 34. Qf1 Rxc4 35. Rb4 Rxb4 36.
axb4 Qc3 37. Qb1 a5 38. bxa5 bxa5 39. Kh2 a4 40. Qa2 a3 41. g4 fxg4 42. hxg4 Qb2 0-1

[Event "NJSK 2021 Meisjes A&B"]
[Site "Almelo, Netherlands"]
[Date "2021.08.03"]
[Round "3.4"]
[White "Cordes, Jule"]
[Black "Bertholee, Arjuna"]
[Result "1-0"]
[TimeControl "90min/40moves + 30sec/move"]
[WhiteElo "1790"]
[BlackElo "1144"]

1. d4 d5 2. c4 e6 3. Nc3 Nf6 4. Nf3 Nbd7 5. Bg5 c6 6. e3 Qa5 7. Nd2 dxc4 8. Bxf6 Nxf6 9. Bxc4 Nd5 10.
Qc2 Nxc3 11. bxc3 Be7 12. O-O O-O 13. Nb3 Qc7 14. Qe4 Rd8 15. Bd3 g6 16. a4 Bf6 17. a5 Bd7 18. Qf3 Bg7 19.
Nc5 Be8 20. Rfb1 Rab8 21. Bc4 e5 22. Rb3 Qe7 23. Rab1 b5 24. axb6 axb6 25. h3 b5 26. Qg4 Bd7 27. Qd1 Qg5 28.
Qf3 Qf6 29. Qg3 Qd6 30. Be2 Be6 31. Rb4 exd4 32. Qxd6 Rxd6 33. cxd4 Ra8 34. Bf3 f5 35. Rxb5 cxb5 36. Bxa8 Rb6 37.
Nxe6 Rxe6 38. Rxb5 Ra6 39. Bd5+ Kf8 40. Rb7 Ra1+ 41. Kh2 Rd1 42. Rf7+ Kg8 43. Rxf5+ Kh8 44. Rf7 Rd2 45. Kg3 h5 46. Be4 g5 47. h4 Kg8 48.
Rf5 gxh4+ 49. Kxh4 Kh8 50. Kxh5 Rd1 51. Kg6 Rh1 52. Ra5 Rh6+ 53. Kf7 Rf6+ 54. Ke7 Rxf2 55. Ra8+ Bf8+ 56. Rxf8+ Rxf8 57.
d5 Kg7 58. g4 Rf7+ 59. Ke6 Rf6+ 60. Ke5 Ra6 61. Bf5 Kf7 62. e4 Ke7 63. Be6 Rb6 64. Bf5 Ra6 65. g5 Ra5 66. g6 Kf8 67.
Kf6 Ra6+ 68. Be6 Ra7 69. e5 Rf7+ 70. Kg5 Rf1 71. Bf7 Rg1+ 72. Kf6 Rf1+ 73. Ke6 Rf6+ 74. Kd7 Ra6 75. d6 Ra7+ 76.
Kc6 Ra8 77. e6 Rc8+ 78. Kb7 Rc1 79. e7+ Kg7 80. e8=Q Rg1 81. Qe5 Kh6 82. Qh2+ Kg7 83. Qxg1 Kf8 84. g7+ Kxf7 85. g8=Q Kf6 86.
Q1g5+ 1-0

[Event "NJSK 2021 Meisjes A&B"]
[Site "Almelo, Netherlands"]
[Date "2021.08.03"]
[Round "3.5"]
[White "Venema, Katja"]
[Black "Basa, Manasvita"]
[Result "0-1"]
[TimeControl "90min/40moves + 30sec/move"]
[WhiteElo "1356"]
[BlackElo "1711"]

1. d4 d5 2. c4 e6 3. Nc3 Be7 4. Nf3 Nf6 5. Bf4 a6 6. e3 O-O 7. Bd3 dxc4 8. Bxc4 b5 9. Bd3 Bb7 10.
O-O Nbd7 11. Rc1 Nh5 12. Bg3 Nxg3 13. fxg3 c5 14. Be2 Nf6 15. Qd3 Qa5 16. a3 Rfd8 17. Qc2 Rac8 18. Rfd1 h6 19.
Qb3 Ng4 20. Re1 c4 21. Qa2 Nxe3 22. Qb1 Nf5 23. Rcd1 Qb6 24. Kh1 Nxd4 25. Nxd4 Rxd4 26. a4 b4 27. Na2 Rxd1 28. Qxd1 Rd8 29.
Qc1 Qf2 30. Bf1 Bc5 31. Rd1 Qg1# 0-1

[Event "NJSK 2021 Meisjes A&B"]
[Site "Almelo, Netherlands"]
[Date "2021.08.03"]
[Round "3.6"]
[White "Van Essen, Marieke"]
[Black "Martinez, Sara"]
[Result "1-0"]
[TimeControl "90min/40moves + 30sec/move"]
[WhiteElo "1610"]
[BlackElo "1528"]

1. e4 e6 2. d4 d5 3. Nc3 Bb4 4. Bd3 c5 5. dxc5 Bxc5 6. exd5 Nf6 7. Bb5+ Bd7 8. Bxd7+ Qxd7 9. dxe6 Qxe6+ 10. Qe2 O-O 11. Qxe6 fxe6 12. f3 Nc6 13. Bd2 Nb4 14. O-O-O Rfc8 15. Nge2 a5 16. g4 a4 17. a3 Nbd5 18.
g5 Nxc3 19. Nxc3 Nd7 20. Rhe1 Rc6 21. Bf4 Nb6 22. Ne4 Be7 23. Bd6 Bxd6 24. Nxd6 Nd5 25. Rxe6 Nf4 26. Re4 Ng6 27. Nxb7 Rac8 28.
Rd8+ Rxd8 29. Nxd8 Rd6 30. Ne6 Kf7 31. Nf4 Nh4 32. Nd3 Nf5 33. Nc5 Kg6 34. Re6+ Rxe6 35. Nxe6 Ne3 36. b3 Kf5 37.
Nxg7+ Kxg5 38. Ne6+ Kf5 39. Nd4+ Ke5 40. Ne2 Nf1 41. h4 Ne3 42. Kd2 Nf5 43. h5 Ng7 44. Ng3 Kf4 45. h6 Ne6 46.
Ne4 Kxf3 47. Nf6 Kf4 48. bxa4 Kg5 49. Nxh7+ Kg6 50. Kc3 Kxh7 51. Kc4 Kxh6 52. Kd5 Nc7+ 53. Kc6 Na6 54. Kb6 Nb8 55.
a5 Kg6 56. a6 1-0

[Event "NJSK 2021 Meisjes A&B"]
[Site "Almelo, Netherlands"]
[Date "2021.08.03"]
[Round "3.7"]
[White "Duson, Stella"]
[Black "Bogouslavskii, Veronique"]
[Result "0-1"]
[TimeControl "90min/40moves + 30sec/move"]
[WhiteElo "1259"]
[BlackElo "1207"]

1. e4 c5 2. Nf3 e6 3. Nc3 d6 4. d4 cxd4 5. Nxd4 Nf6 6. Bd3 Be7 7. O-O O-O 8. Re1 Re8 9. Nce2 a6 10.
Ng3 Qb6 11. c3 Nc6 12. Nf3 Ng4 13. Qe2 Bd7 14. h3 Nge5 15. Be3 Qc7 16. Nd4 Nxd3 17. Qxd3 Bf6 18. Rac1 Ne5 19. Qe2 Nc4 20.
b3 Nxe3 21. Qxe3 g6 22. Nf3 e5 23. c4 Qa5 24. Re2 Bd8 25. Qd2 Qa3 26. Rd1 Bc7 27. Qb2 Qxb2 28. Rxb2 Red8 29. Rbd2 Bc6 30.
a4 Kf8 31. Kf1 Ke7 32. Re2 h6 33. Nd2 Ba5 34. Nb1 b5 35. Ra2 bxc4 36. bxc4 Rab8 37. Ne2 Bxe4 38. Nbc3 Bc6 39. f4 Bxc3 40.
Nxc3 exf4 41. Nd5+ Bxd5 42. Rxd5 Rb4 43. Re2+ Kf8 44. c5 Rxa4 45. cxd6 Rc4 46. d7 Rc7 47. Kf2 Rcxd7 48. Rxd7 Rxd7 49.
Kf3 g5 50. Kg4 0-1

[Event "NJSK 2021 Meisjes A&B"]
[Site "Almelo, Netherlands"]
[Date "2021.08.04"]
[Round "4.1"]
[White "Den Heijer, Rolinde"]
[Black "Ricken, Katharina"]
[Result "1/2-1/2"]
[TimeControl "90min/40moves + 30sec/move"]
[WhiteElo "1483"]
[BlackElo "2030"]

1. e4 e6 2. d4 d5 3. exd5 exd5 4. Nf3 Nf6 5. Bf4 Bg4 6. h3 Qe7+ 7. Be5 Bh5 8. Nbd2 Ne4 9. Be2 Nc6 10.
O-O O-O-O 11. Re1 f6 12. Bg3 g5 13. c3 Bg7 14. Ne5 fxe5 15. Bxh5 Nxg3 16. Qg4+ Kb8 17. Qxg3 Qd6 18. dxe5 Bxe5 19.
Qg4 h6 20. Nf3 Bg7 21. Re6 Qd7 22. Rae1 Bf8 23. Nd4 Bd6 24. Nxc6+ Qxc6 25. Qd4 Qd7 26. Qxh8 Rxh8 27. Re8+ Rxe8 28.
Rxe8+ Qxe8 29. Bxe8 1/2-1/2

[Event "NJSK 2021 Meisjes A&B"]
[Site "Almelo, Netherlands"]
[Date "2021.08.04"]
[Round "4.2"]
[White "De Zoeten, Cato"]
[Black "Maris, Evi"]
[Result "1-0"]
[TimeControl "90min/40moves + 30sec/move"]
[WhiteElo "1881"]
[BlackElo "1232"]

1. e4 e5 2. Nf3 Nc6 3. Bb5 Nf6 4.
O-O d6 5. d4 exd4 6. Nxd4 Bd7 7. Bxc6 bxc6 8. Re1 Be7 9. Nd2 O-O 10. Nf1 c5 11. Nf3 Bc6 12. Ng3 Qd7 13. b3 Rad8 14.
Bb2 h6 15. Qd2 Qg4 16. h3 Qg6 17. Nf5 Rfe8 18. N3h4 Qh7 19. f3 Nh5 20. Nxe7+ Rxe7 21. g4 Nf6 22. Bxf6 gxf6 23. Nf5 Re5 24.
Qxh6 Qxh6 25. Nxh6+ Kg7 26. Nf5+ Kg6 27. Kf2 Rh8 28. h4 Bd7 29. h5+ Kh7 30. Rad1 a5 31. Ne3 a4 32. Nd5 Bc6 33.
Nxc7 Rd8 34. Nd5 axb3 35. axb3 Kg7 36. Rh1 Bxd5 37. Rxd5 Kh6 38. Rhd1 Re6 39. Rxc5 Ra8 40. Rc6 Ra2 41.
Rd2 Kg5 42. Rc7 f5 43. exf5 Rf6 44. Kg3 Kh6 45. Kf4 Ra5 46. g5+ Kg7 47. gxf6+ Kxf6 48. Rxd6+ Kg7 49. h6+ Kg8 50. Rd8+ Kh7 51.
Rxf7+ Kxh6 52. Rh8# 1-0